 Dungeon Crawl Stone Soup version 0.22-a0-568-g270d1ae (webtiles) character file.

58 Arexsocan the Firebug (level 3, -7/28 HPs)
             Began as a Draconian Fire Elementalist on June 29, 2018.
             Mangled by an ice beast (14 damage)
             ... on level 3 of the Dungeon.
             The game lasted 00:09:55 (1744 turns).

Arexsocan the Firebug (Draconian Fire Elementalist) Turns: 1744, Time: 00:09:57

Health: -7/28      AC:  5    Str: 10    XL:     3   Next: 75%
Magic:  1/6        EV: 12    Int: 16    God:
Gold:   159        SH:  0    Dex: 11    Spells: 0/6 levels left

rFire    . . .     SeeInvis .   j - +0 falchion
rCold    . . .     Gourm    .   (no shield)
rNeg     . . .     Faith    .   (armour unavailable)
rPois    .         Spirit   .   (helmet restricted)
rElec    .         Reflect  .   (no cloak)
rCorr    .         Harm     .   (no gloves)
MR       .....                  (no boots)
Stlth    ++........             (no amulet)
HPRegen  0.09/turn              (no ring)
MPRegen  0.10/turn              (no ring)

@: slowed, very slow
A: unfitting armour, cold-blooded, AC +5
a: no special abilities


You were on level 3 of the Dungeon.
You were hungry.

You visited 1 branch of the dungeon, and saw 3 of its levels.

You collected 159 gold pieces.

Inventory:

Hand Weapons
 j - a +0 falchion (weapon)
Scrolls
 c - a scroll of enchant armour {unknown}
 e - a scroll of identify {unknown}
 f - a scroll of amnesia {unknown}
 h - 3 scrolls of magic mapping {unknown}
 i - 2 scrolls of teleportation {unknown}
 k - a scroll of blinking {unknown}
 l - a scroll of fear {unknown}
Potions
 a - a potion of curing {unknown}
 d - a potion of agility {unknown}
 g - a potion of degeneration {unknown}
Comestibles
 b - 5 rations


   Skills:
 * Level 1.3 Fighting
 * Level 0.1 Long Blades
 + Level 2.1 Dodging
 + Level 1.9 Stealth
 + Level 2.3 Spellcasting
 * Level 1.7 Conjurations
 + Level 3.6 Fire Magic


You couldn't memorise any spells.
You knew the following spells:

 Your Spells              Type           Power        Failure   Level  Hunger
a - Flame Tongue          Conj/Fire      ##...        7%          1    #......
b - Throw Flame           Conj/Fire      ##....       10%         2    ###....
c - Conjure Flame         Conj/Fire      ##......     21%         3    ###....

Your spell library contained the following spells:

 Spells                   Type           Power        Failure   Level  Hunger
 Fireball                 Conj/Fire      ##........   88%         5    ######.
 Sticky Flame             Conj/Fire      ##......     54%         4    #####..
 Inner Flame              Hex/Fire       #.......     28%         3    ###....


Dungeon Overview and Level Annotations

Branches:
Dungeon (3/15)

Altars:
Hepliaklqana


Innate Abilities, Weirdness & Mutations

Your plain brown scales are hard. (AC +5)
You cannot fit into any form of body armour.
You are cold-blooded and may be slowed by cold attacks.


Message History

The ice beast is heavily wounded.
You hit the ice beast.
The ice beast is severely wounded.
The ice beast barely misses you.
You riposte.
You barely miss the ice beast.
The ice beast is severely wounded.
You barely miss the ice beast.
The ice beast is severely wounded.
The ice beast closely misses you.
You barely miss the ice beast.
The ice beast is severely wounded.
The ice beast closely misses you. The ice beast hits you.
The ice beast freezes you!
You feel yourself slow down.
You closely miss the ice beast.
The ice beast is severely wounded.
The ice beast hits you.
* * * LOW HITPOINT WARNING * * *
The ice beast freezes you!
You feel as though you will be slow longer.
Ouch! That really hurt!
You die...

#.†...# #.###......#
#.....###..........#
#.........###......#
#.....###.# ########
#.....#...#
#.^...#.###
.......(..###
..#####.....# ##
#.###@# ###
#Y####### #........
#########


You could see an ice beast.

Vanquished Creatures
  A gnoll (D:1)
  An adder (D:2)
  An ooze (D:1)
  3 dart slugs
  2 ball pythons
  2 goblins
  2 hobgoblins (D:1)
  6 jackals (D:2)
  2 quokkas (D:2)
  A bat (D:2)
  A kobold (D:3)
  9 rats
31 creatures vanquished.

Notes
Turn   | Place    | Note
-------+----------+-------------------------------------------
     0 | D:1      | Arexsocan the Draconian Fire Elementalist began the quest for the Orb.
     0 | D:1      | Reached XP level 1. HP: 14/14 MP: 3/3
   374 | D:1      | Reached XP level 2. HP: 22/22 MP: 0/5
   781 | D:2      | Reached skill level 1 in Fighting
   842 | D:2      | Reached XP level 3. HP: 28/28 MP: 2/6
   906 | D:2      | Learned a level 2 spell: Throw Flame
   910 | D:2      | Learned a level 3 spell: Conjure Flame
   962 | D:2      | Found a hazy altar of Hepliaklqana.
  1733 | D:3      | Noticed an ice beast
  1744 | D:3      | Mangled by an ice beast

Vault maps used:
D:1:      dpeg_arrival_stone_temple_mockup
D:2:      old_standard_altar
D:3:      first_ration

Skill      XL: |  1  2 |
---------------+-------+-----
Dodging        | 2 |  2.1
Fighting       | 1 |  1.3
Long Blades    | |  0.1
Stealth        | |  1.9
Spellcasting   | |  2.3
Conjurations   | |  1.7
Fire Magic     | |  3.6

Action                   || total
-------------------------++-------
Melee: Unarmed           ||    14
       Tailslap          ||     4
       Falchion          ||    15
 Cast: Flame Tongue      ||    52
       Throw Flame       ||     5
 Stab: Sleeping          ||     1
  Eat: Chunk             ||     3
Armor: Skin              ||    13
Dodge: Dodged            ||    38
       Rpst.: Falchion   ||     5

Table legend:
 A = Spawn XP
 B = Non-spawn XP
 C = Spawn XP percentage of total XP
 D = Spawn monster count
 E = Non-spawn monster count
 F = Spawn count percentage of total count
 G = Total turns spent on level
                    A         B        C        D         E        F      G
               +---------+---------+-------+---------+---------+-------+---------
         Total |       0 |      83 |   0.0 |       0 |      31 |   0.0 |  1744
               +---------+---------+-------+---------+---------+-------+---------
           D:1 |       0 |      35 |   0.0 |       0 |      10 |   0.0 |   768
           D:2 |       0 |      39 |   0.0 |       0 |      15 |   0.0 |   822
           D:3 |       0 |       9 |   0.0 |       0 |       6 |   0.0 |   154
               +---------+---------+-------+---------+---------+-------+---------
